| TOP OF THE 1ST |
|
Reading Fightin Phils batting - Pitching for Biloxi Shuckers : RHP Jonathon Crunk
|
|
Pitching: RHP Jonathon Crunk
|
|
|
Batting: RHB Matt Strong
|
0-0: Called Strike 0-1: Called Strike 0-2: SINGLE (Groundball, 34D, EV 97.5 MPH)
|
|
Batting: LHB Danny Hill
|
0-0: Called Strike 0-1: Ball Matt Strong is caught stealing 2nd base 2-6 1-1: Ball 2-1: Called Strike 2-2: Ball 3-2: Fly out, F7 (Flyball, 7, EV 76.3 MPH)
|
|
Batting: RHB Austin Wiebe
|
0-0: Called Strike 0-1: Ball 1-1: Foul Ball, location: 2F 1-2: Ball 2-2: Strikes out swinging
|
| Top of the 1st over - 0 runs, 1 hit, 0 errors, 0 left on base; Reading 0 - Biloxi 0 |
| BOTTOM OF THE 1ST |
|
Biloxi Shuckers batting - Pitching for Reading Fightin Phils : RHP Frank Diaz
|
|
Pitching: RHP Frank Diaz
|
|
|
Batting: RHB Eric Sullivan
|
0-0: Called Strike 0-1: Foul Ball, location: 2F 0-2: Ball 1-2: Ball 2-2: Fly out, F4 (Line Drive, 4, EV 64.4 MPH)
|
|
Batting: LHB Alan Bianchard
|
0-0: SINGLE (Line Drive, 9S, EV 94.4 MPH)
|
|
Batting: SHB Jamel Wright
|
0-0: Ball 1-0: Grounds into double play, 6-4-3 (Groundball, 6M, EV 83.8 MPH)
|
| Bottom of the 1st over - 0 runs, 1 hit, 0 errors, 0 left on base; Reading 0 - Biloxi 0 |
| TOP OF THE 2ND |
|
Reading Fightin Phils batting - Pitching for Biloxi Shuckers : RHP Jonathon Crunk
|
|
Batting: LHB Michael Tuttle
|
0-0: Foul Ball, location: 2F 0-1: Ball 1-1: Ball 2-1: SINGLE (Groundball, 3D, EV 103.1 MPH)
|
|
Batting: RHB Mike Narciso
|
0-0: Ball 1-0: Ball 2-0: Ball 3-0: Ground out 6-3 (Groundball, 6S, EV 71.9 MPH) Michael Tuttle to second
|
|
Batting: LHB Darrell Ortega
|
0-0: Called Strike 0-1: Ball 1-1: Foul Ball, location: 2F 1-2: Foul Ball, location: 2F 1-2: Foul Ball, location: 2F 1-2: Ball 2-2: Strikes out swinging
|
|
Batting: RHB Kory Sanchez
|
0-0: SINGLE (Flyball, 3D, EV 91.3 MPH) Michael Tuttle to third Runner from 3rd tries for Home, SAFE, throw by RF to home
|
|
Batting: RHB Fletcher Easter
|
0-0: Called Strike 0-1: Ground out 1-3 (Groundball, 34S, EV 76.9 MPH)
|
| Top of the 2nd over - 1 run, 2 hits, 0 errors, 1 left on base; Reading 1 - Biloxi 0 |
| BOTTOM OF THE 2ND |
|
Biloxi Shuckers batting - Pitching for Reading Fightin Phils : RHP Frank Diaz
|
|
Batting: RHB Tim Lively
|
0-0: Swinging Strike 0-1: Called Strike 0-2: Ball 1-2: Ball 2-2: Fly out, F4 (Flyball, 34D, EV 80.0 MPH)
|
|
Batting: LHB Joe Vida
|
0-0: Foul Ball, location: 2F 0-1: Foul Ball, location: 2F 0-2: Ball 1-2: Foul Ball, location: 2F 1-2: SOLO HOME RUN (Flyball, 89XD, EV 110.0 MPH), Distance : 406 ft
|
|
Batting: RHB Mike Ball
|
0-0: Called Strike 0-1: SINGLE (Line Drive, 34D, EV 97.5 MPH)
|
|
Batting: RHB Carlos Salazar
|
0-0: Called Strike 0-1: Hit by Pitch Mike Ball to second
|
|
Batting: RHB Nick Spiller
|
0-0: Ball Mike Ball steals 3rd base Carlos Salazar to second 1-0: Swinging Strike 1-1: Ground out 5-3 (Groundball, 56, EV 100.0 MPH) Mike Ball scores
|
|
Batting: RHB Jamie Youngs
|
0-0: Ball 1-0: Ball 2-0: Ball Wild Pitch! Carlos Salazar to third 3-0: Base on Balls
|
|
Batting: RHB Eric Sullivan
|
0-0: Foul Ball, location: 2F 0-1: Swinging Strike 0-2: Ground out 4-3 (Groundball, 4, EV 90.6 MPH)
|
| Bottom of the 2nd over - 2 runs, 2 hits, 0 errors, 2 left on base; Reading 1 - Biloxi 2 |
| TOP OF THE 3RD |
|
Reading Fightin Phils batting - Pitching for Biloxi Shuckers : RHP Jonathon Crunk
|
|
Batting: RHB Gary Hills
|
0-0: Foul Ball, location: 2F 0-1: Swinging Strike 0-2: Ball 1-2: Strikes out swinging
|
|
Batting: RHB Matt Strong
|
0-0: Swinging Strike 0-1: Foul Ball, location: 2F 0-2: Ball 1-2: Strikes out swinging
|
|
Batting: LHB Danny Hill
|
0-0: Ground out U3 (Groundball, 34, EV 84.4 MPH)
|
| Top of the 3rd over - 0 runs, 0 hits, 0 errors, 0 left on base; Reading 1 - Biloxi 2 |
| BOTTOM OF THE 3RD |
|
Biloxi Shuckers batting - Pitching for Reading Fightin Phils : RHP Frank Diaz
|
|
Batting: LHB Alan Bianchard
|
0-0: Called Strike 0-1: Ground out 4-3 (Groundball, 34, EV 86.9 MPH)
|
|
Batting: SHB Jamel Wright
|
0-0: Ball 1-0: Foul Ball, location: 2F 1-1: SINGLE (Line Drive, 4D, EV 101.3 MPH)
|
|
Batting: RHB Tim Lively
|
0-0: Ball 1-0: Called Strike 1-1: Ball 2-1: Ball 3-1: Base on Balls Jamel Wright to second
|
|
Batting: LHB Joe Vida
|
0-0: Foul Ball, location: 2F 0-1: Foul Ball, location: 2F 0-2: Ball 1-2: Grounds into double play, 5-4-3 (Groundball, 56, EV 96.9 MPH)
|
| Bottom of the 3rd over - 0 runs, 1 hit, 0 errors, 1 left on base; Reading 1 - Biloxi 2 |
| TOP OF THE 4TH |
|
Reading Fightin Phils batting - Pitching for Biloxi Shuckers : RHP Jonathon Crunk
|
|
Batting: RHB Austin Wiebe
|
0-0: Ball 1-0: Ball 2-0: Called Strike 2-1: Foul Ball, location: 2F 2-2: Ball 3-2: Foul Ball, location: 2F 3-2: Base on Balls
|
|
Batting: LHB Michael Tuttle
|
0-0: Called Strike 0-1: Swinging Strike 0-2: Strikes out swinging
|
|
Batting: RHB Mike Narciso
|
0-0: Swinging Strike 0-1: SINGLE (Line Drive, 34D, EV 96.9 MPH) Austin Wiebe to second
|
|
Batting: LHB Darrell Ortega
|
0-0: Called Strike 0-1: Fielders Choice at 2nd, 3-6 (Groundball, 34S, EV 85.0 MPH) Austin Wiebe to third
|
|
Batting: RHB Kory Sanchez
|
0-0: Ball 1-0: SINGLE (Groundball, 6MS, EV 71.3 MPH) (infield hit) Austin Wiebe scores Darrell Ortega to second
|
|
Batting: RHB Fletcher Easter
|
0-0: Ball 1-0: Foul Ball, location: 2F 1-1: Foul Ball, location: 2F 1-2: Ball 2-2: Foul Ball, location: 2F 2-2: Foul Ball, location: 2F 2-2: Ball 3-2: SINGLE (Groundball, 56S, EV 68.8 MPH) (infield hit) Darrell Ortega to third Kory Sanchez to second
|
|
Batting: RHB Gary Hills
|
0-0: Called Strike 0-1: Ball 1-1: Foul Ball, location: 2F 1-2: Foul Ball, location: 2F 1-2: Fielders Choice at 2nd, 5-4 (Groundball, 5L, EV 84.4 MPH)
|
| Top of the 4th over - 1 run, 3 hits, 0 errors, 3 left on base; Reading 2 - Biloxi 2 |
| BOTTOM OF THE 4TH |
|
Biloxi Shuckers batting - Pitching for Reading Fightin Phils : RHP Frank Diaz
|
|
Batting: RHB Mike Ball
|
0-0: Ground out 6-3 (Groundball, 6M, EV 86.9 MPH)
|
|
Batting: RHB Carlos Salazar
|
0-0: Called Strike 0-1: Foul Ball, location: 2F 0-2: Ball 1-2: Ball 2-2: Ball 3-2: Foul Ball, location: 2F 3-2: Foul Ball, location: 2F 3-2: Strikes out swinging
|
|
Batting: RHB Nick Spiller
|
0-0: Ball 1-0: Ball 2-0: Swinging Strike 2-1: Fly out, F8 (Line Drive, 8LD, EV 85.0 MPH)
|
| Bottom of the 4th over - 0 runs, 0 hits, 0 errors, 0 left on base; Reading 2 - Biloxi 2 |
| TOP OF THE 5TH |
|
Reading Fightin Phils batting - Pitching for Biloxi Shuckers : RHP Jonathon Crunk
|
|
Batting: RHB Matt Strong
|
0-0: Foul Ball, location: 2F 0-1: Bunt missed! 0-2: Ground out 5-3 (Groundball, 56S, EV 82.5 MPH)
|
|
Batting: LHB Danny Hill
|
0-0: Ground out 6-3 (Groundball, 6, EV 80.6 MPH)
|
|
Batting: RHB Austin Wiebe
|
0-0: Fly out, F9 (Flyball, 9D, EV 99.4 MPH)
|
| Top of the 5th over - 0 runs, 0 hits, 0 errors, 0 left on base; Reading 2 - Biloxi 2 |
| BOTTOM OF THE 5TH |
|
Biloxi Shuckers batting - Pitching for Reading Fightin Phils : RHP Frank Diaz
|
|
Batting: RHB Jamie Youngs
|
0-0: Called Strike 0-1: SINGLE (Groundball, 56D, EV 95.0 MPH)
|
|
Batting: RHB Eric Sullivan
|
0-0: Called Strike 0-1: Swinging Strike 0-2: Ball 1-2: SINGLE (Line Drive, 9S, EV 110.0 MPH) Jamie Youngs to second
|
|
Batting: LHB Alan Bianchard
|
0-0: Ball 1-0: Ball 2-0: Called Strike 2-1: DOUBLE (Line Drive, 7LM, EV 105.6 MPH) Jamie Youngs scores Eric Sullivan to third Runner from 3rd tries for Home, SAFE, throw by LF to trailing runner, SAFE at third!
|
|
Batting: SHB Jamel Wright
|
0-0: Called Strike 0-1: Ball 1-1: Called Strike 1-2: Ball 2-2: SINGLE (Groundball, 34, EV 101.9 MPH) Alan Bianchard scores
|
|
Pitching: RHP Mike Pickens
|
|
|
Batting: RHB Tim Lively
|
0-0: SINGLE (Groundball, 4D, EV 101.3 MPH) Jamel Wright to second Runner from 2nd tries for 3rd, SAFE, throw by RF made to third Tim Lively to second
|
|
Batting: LHB Joe Vida
|
0-0: Ball 1-0: Called Strike 1-1: Foul Ball, location: 2F 1-2: Ball 2-2: Fly out, F9 (Flyball, 9D, EV 88.1 MPH) Runner from 3rd tags up, SCORES, throw by RF Tim Lively to third
|
|
Batting: RHB Mike Ball
|
0-0: Ball 1-0: Ball 2-0: Ground out 5-3 (Groundball, 56, EV 80.6 MPH) Tim Lively scores
|
|
Batting: RHB Carlos Salazar
|
0-0: Ball 1-0: Swinging Strike 1-1: Foul Ball, location: 2F 1-2: Foul Ball, location: 2F 1-2: Ball 2-2: Foul Ball, location: 2F 2-2: Strikes out swinging
|
| Bottom of the 5th over - 5 runs, 5 hits, 0 errors, 0 left on base; Reading 2 - Biloxi 7 |
| TOP OF THE 6TH |
|
Reading Fightin Phils batting - Pitching for Biloxi Shuckers : RHP Jonathon Crunk
|
|
Batting: LHB Michael Tuttle
|
0-0: SOLO HOME RUN (Flyball, 9LD, EV 92.5 MPH), Distance : 333 ft
|
|
Batting: RHB Mike Narciso
|
0-0: Foul Ball, location: 2F 0-1: Ball 1-1: Ground out U3 (Groundball, 34, EV 88.1 MPH)
|
|
Batting: LHB Darrell Ortega
|
0-0: SINGLE (Groundball, 56, EV 101.3 MPH)
|
|
Batting: RHB Kory Sanchez
|
0-0: Ball 1-0: Ball 2-0: Ball 3-0: Called Strike 3-1: Swinging Strike 3-2: Fly out, F8 (Line Drive, 8RM, EV 91.9 MPH)
|
|
Batting: RHB Fletcher Easter
|
0-0: Called Strike 0-1: SINGLE (Groundball, 6D, EV 94.4 MPH) Darrell Ortega to second Runner from 2nd tries for 3rd, SAFE, throw by LF made to third
|
|
Batting: RHB Gary Hills
|
0-0: Ball 1-0: Foul Ball, location: 2F 1-1: Swinging Strike 1-2: Fly out, F8 (Flyball, 8RD, EV 100.6 MPH)
|
| Top of the 6th over - 1 run, 3 hits, 0 errors, 2 left on base; Reading 3 - Biloxi 7 |
| BOTTOM OF THE 6TH |
|
Biloxi Shuckers batting - Pitching for Reading Fightin Phils : RHP Mike Pickens
|
|
Batting: RHB Nick Spiller
|
0-0: Called Strike 0-1: Swinging Strike 0-2: Strikes out looking
|
|
Batting: RHB Jamie Youngs
|
0-0: Ball 1-0: Ball 2-0: Ground out 4-3 (Groundball, 4MD, EV 80.6 MPH)
|
|
Batting: RHB Eric Sullivan
|
0-0: Called Strike 0-1: Ground out 4-3 (Groundball, 4S, EV 86.9 MPH)
|
| Bottom of the 6th over - 0 runs, 0 hits, 0 errors, 0 left on base; Reading 3 - Biloxi 7 |
| TOP OF THE 7TH |
|
Reading Fightin Phils batting - Pitching for Biloxi Shuckers : RHP Jonathon Crunk
|
|
Batting: RHB Matt Strong
|
0-0: SOLO HOME RUN (Flyball, 7D, EV 97.5 MPH), Distance : 376 ft
|
|
Batting: LHB Danny Hill
|
0-0: Fly out, F9 (Flyball, 9, EV 93.8 MPH)
|
|
Batting: RHB Austin Wiebe
|
0-0: Ball 1-0: Ball 2-0: Ball 3-0: Called Strike 3-1: Ground out 4-3 (Groundball, 4M, EV 86.3 MPH)
|
|
Batting: LHB Michael Tuttle
|
0-0: Ball 1-0: Ground out U3 (Groundball, 3, EV 90.6 MPH)
|
| Top of the 7th over - 1 run, 1 hit, 0 errors, 0 left on base; Reading 4 - Biloxi 7 |
| BOTTOM OF THE 7TH |
|
Biloxi Shuckers batting - Pitching for Reading Fightin Phils : RHP Mike Pickens
|
|
Batting: LHB Alan Bianchard
|
0-0: Swinging Strike 0-1: Ball 1-1: Ground out 4-3 (Groundball, 4, EV 101.3 MPH)
|
|
Batting: SHB Jamel Wright
|
0-0: Ball 1-0: Ball 2-0: Ball 3-0: Base on Balls
|
|
Batting: RHB Tim Lively
|
Pickoff Throw to First - Error! E1 Jamel Wright to second 0-0: Called Strike 0-1: 2-RUN HOME RUN (Flyball, 89XD, EV 100.0 MPH), Distance : 410 ft
|
|
Pitching: RHP John Gloe
|
|
|
Batting: LHB Joe Vida
|
0-0: Swinging Strike 0-1: Called Strike 0-2: Strikes out swinging
|
|
Batting: RHB Mike Ball
|
0-0: Called Strike 0-1: Foul Ball, location: 2F 0-2: Strikes out swinging
|
| Bottom of the 7th over - 2 runs, 1 hit, 1 error, 0 left on base; Reading 4 - Biloxi 9 |
| TOP OF THE 8TH |
|
Reading Fightin Phils batting - Pitching for Biloxi Shuckers : RHP Jonathon Crunk
|
|
Pitching: LHP Trevor Sharp
|
|
|
Batting: RHB Mike Narciso
|
0-0: Called Strike 0-1: Ball 1-1: Called Strike 1-2: Ball 2-2: Reached on error, E7 (Flyball, 7LD, EV 97.5 MPH)
|
|
Batting: LHB Darrell Ortega
|
0-0: Foul Ball, location: 2F 0-1: Ball 1-1: Ball 2-1: Foul Ball, location: 2F 2-2: Ground out 6-3 (Groundball, 6, EV 100.6 MPH)
|
|
Batting: RHB Kory Sanchez
|
0-0: Swinging Strike 0-1: Called Strike 0-2: Strikes out swinging
|
|
Batting: RHB Fletcher Easter
|
0-0: Called Strike 0-1: Ball 1-1: Called Strike 1-2: Ball 2-2: Fly out, F7 (Flyball, 7LD, EV 105.0 MPH)
|
| Top of the 8th over - 0 runs, 0 hits, 1 error, 1 left on base; Reading 4 - Biloxi 9 |
| BOTTOM OF THE 8TH |
|
Biloxi Shuckers batting - Pitching for Reading Fightin Phils : RHP John Gloe
|
|
Batting: RHB Carlos Salazar
|
0-0: Called Strike 0-1: Called Strike 0-2: Strikes out looking
|
|
Batting: RHB Nick Spiller
|
0-0: SINGLE (Flyball, 78S, EV 91.9 MPH)
|
|
Batting: RHB Jamie Youngs
|
0-0: Ball 1-0: Ball 2-0: Called Strike 2-1: Foul Ball, location: 2F 2-2: Ground out U3 (Groundball, 34S, EV 70.0 MPH) Nick Spiller to second
|
|
Batting: RHB Eric Sullivan
|
0-0: Ball 1-0: Fly out, F9 (Flyball, 9, EV 85.0 MPH)
|
| Bottom of the 8th over - 0 runs, 1 hit, 0 errors, 1 left on base; Reading 4 - Biloxi 9 |
| TOP OF THE 9TH |
|
Reading Fightin Phils batting - Pitching for Biloxi Shuckers : LHP Trevor Sharp
|
|
Batting: RHB Gary Hills
|
0-0: Ground out 3-1 (Groundball, 34, EV 90.6 MPH)
|
|
Batting: RHB Matt Strong
|
0-0: Called Strike 0-1: Foul Ball, location: 2F 0-2: Ball 1-2: Strikes out swinging
|
|
Batting: LHB Danny Hill
|
0-0: Called Strike 0-1: Ball 1-1: Ball 2-1: Called Strike 2-2: Foul Ball, location: 2F 2-2: Ball 3-2: Ground out 3-1 (Groundball, 34S, EV 88.1 MPH)
|
| Top of the 9th over - 0 runs, 0 hits, 0 errors, 0 left on base; Reading 4 - Biloxi 9 |
|